TOP OF THE 1ST |
Cedar Rapids Kernels batting - Pitching for Delmarva Shorebirds : RHP Ryan Kotter
|
Pitching: RHP Ryan Kotter
|
|
Batting: LHB Yasutoshi Hayashi
|
0-0: Ball 1-0: Ball 2-0: Called Strike 2-1: Ball 3-1: SINGLE (Line Drive, 9S, EV 103.1 MPH)
|
Batting: RHB David McClellan
|
0-0: Foul Ball, location: 2F 0-1: Ball 1-1: Called Strike 1-2: Fielders Choice at 2nd, 6-4 (Groundball, 6, EV 80.0 MPH)
|
Batting: LHB Tomas Espino
|
0-0: Called Strike 0-1: Fielders Choice at 2nd, 2-4 (Groundball, 2L, EV 76.9 MPH)
|
Batting: LHB Jon Ventura
|
0-0: Ball 1-0: Called Strike 1-1: Called Strike 1-2: Ball 2-2: Ball 3-2: 2-RUN HOME RUN (Flyball, 89XD, EV 108.1 MPH), Distance : 409 ft
|
Batting: LHB Brian Wagner
|
0-0: Ball 1-0: Called Strike 1-1: Ball 2-1: Foul Ball, location: 2F 2-2: DOUBLE (Flyball, 8LXD, EV 103.8 MPH)
|
Batting: LHB Marvin Shepherd
|
0-0: Ball 1-0: DOUBLE (Line Drive, 78D, EV 101.2 MPH) Brian Wagner scores
|
Batting: RHB Pat Adams
|
0-0: Called Strike 0-1: Ball 1-1: Foul Ball, location: 2F 1-2: Ball 2-2: Strikes out swinging
|
Top of the 1st over - 3 runs, 4 hits, 0 errors, 1 left on base; Cedar Rapids 3 - Delmarva 0 |
BOTTOM OF THE 1ST |
Delmarva Shorebirds batting - Pitching for Cedar Rapids Kernels : RHP Felix Perez
|
Pitching: RHP Felix Perez
|
|
Batting: RHB Josh Hopp
|
0-0: Ball 1-0: Swinging Strike 1-1: SINGLE (Groundball, 6MD, EV 98.8 MPH)
|
Batting: RHB Daniel Jackson
|
0-0: Swinging Strike 0-1: Foul Ball, location: 2F 0-2: Ball 1-2: Foul Ball, location: 2F 1-2: Ground out 4-3 (Groundball, 4, EV 86.2 MPH) Josh Hopp to second
|
Batting: RHB Ethan Finke
|
0-0: Foul Ball, location: 2F 0-1: Swinging Strike 0-2: Strikes out swinging
|
Batting: RHB Ismael Macedo
|
0-0: Ball 1-0: Ball 2-0: Ground out 4-3 (Groundball, 4, EV 86.2 MPH)
|
Bottom of the 1st over - 0 runs, 1 hit, 0 errors, 1 left on base; Cedar Rapids 3 - Delmarva 0 |
TOP OF THE 2ND |
Cedar Rapids Kernels batting - Pitching for Delmarva Shorebirds : RHP Ryan Kotter
|
Batting: SHB Chris Hull
|
0-0: Fly out, F8 (Line Drive, 8LM, EV 95.6 MPH)
|
Batting: RHB Caleb Bockmann
|
0-0: Fly out, F7 (Flyball, 7, EV 91.2 MPH)
|
Batting: LHB Yasutoshi Hayashi
|
0-0: Ground out 4-3 (Groundball, 4, EV 85.6 MPH)
|
Top of the 2nd over - 0 runs, 0 hits, 0 errors, 0 left on base; Cedar Rapids 3 - Delmarva 0 |
BOTTOM OF THE 2ND |
Delmarva Shorebirds batting - Pitching for Cedar Rapids Kernels : RHP Felix Perez
|
Batting: RHB Luke Vaccarino
|
0-0: Ball 1-0: Ball 2-0: Called Strike 2-1: Swinging Strike 2-2: Strikes out swinging
|
Batting: RHB Francisco Viera
|
0-0: Ball 1-0: Swinging Strike 1-1: Ball 2-1: Foul Ball, location: 2F 2-2: Foul Ball, location: 2F 2-2: Foul Ball, location: 2F 2-2: Foul Ball, location: 2F 2-2: Foul Ball, location: 2F 2-2: Foul Ball, location: 2F 2-2: Ball 3-2: Strikes out swinging
|
Batting: RHB Wes Reynolds
|
0-0: Ball 1-0: Ground out 6-3 (Groundball, 6S, EV 71.9 MPH)
|
Bottom of the 2nd over - 0 runs, 0 hits, 0 errors, 0 left on base; Cedar Rapids 3 - Delmarva 0 |
TOP OF THE 3RD |
Cedar Rapids Kernels batting - Pitching for Delmarva Shorebirds : RHP Ryan Kotter
|
Batting: RHB David McClellan
|
0-0: Called Strike 0-1: Ball 1-1: Ground out 5-3 (Groundball, 56, EV 81.9 MPH)
|
Batting: LHB Tomas Espino
|
0-0: Foul Ball, location: 2F 0-1: Called Strike 0-2: Ball 1-2: Ball 2-2: Fly out, F7 (Flyball, 7LMF, EV 83.8 MPH)
|
Batting: LHB Jon Ventura
|
0-0: Called Strike 0-1: Ball 1-1: Ball 2-1: Foul Ball, location: 2F 2-2: Ground out 4-3 (Groundball, 4, EV 84.4 MPH)
|
Top of the 3rd over - 0 runs, 0 hits, 0 errors, 0 left on base; Cedar Rapids 3 - Delmarva 0 |
BOTTOM OF THE 3RD |
Delmarva Shorebirds batting - Pitching for Cedar Rapids Kernels : RHP Felix Perez
|
Batting: RHB Mike Zepeda
|
0-0: Ball 1-0: Ball 2-0: Called Strike 2-1: Ground out 6-3 (Groundball, 6, EV 108.1 MPH)
|
Batting: RHB Tony Godley
|
0-0: Ball 1-0: Called Strike 1-1: Ball 2-1: Foul Ball, location: 2F 2-2: Strikes out swinging
|
Batting: RHB Josh Hopp
|
0-0: SINGLE (Line Drive, 89S, EV 91.2 MPH)
|
Batting: RHB Daniel Jackson
|
0-0: Foul Ball, location: 2F 0-1: Called Strike 0-2: Strikes out swinging
|
Bottom of the 3rd over - 0 runs, 1 hit, 0 errors, 1 left on base; Cedar Rapids 3 - Delmarva 0 |
TOP OF THE 4TH |
Cedar Rapids Kernels batting - Pitching for Delmarva Shorebirds : RHP Ryan Kotter
|
Batting: LHB Brian Wagner
|
0-0: Ball 1-0: Fly out, F3 (Line Drive, 3L, EV 74.4 MPH)
|
Batting: LHB Marvin Shepherd
|
0-0: Foul Ball, location: 2F 0-1: Ball 1-1: Foul Ball, location: 2F 1-2: Ball 2-2: Ball 3-2: Fly out, F8 (Flyball, 8LD, EV 82.5 MPH)
|
Batting: RHB Pat Adams
|
0-0: Ball 1-0: Swinging Strike 1-1: Ball 2-1: Swinging Strike 2-2: Ball 3-2: Foul Ball, location: 2F 3-2: Base on Balls
|
Batting: SHB Chris Hull
|
0-0: Called Strike 0-1: Swinging Strike 0-2: Strikes out looking
|
Top of the 4th over - 0 runs, 0 hits, 0 errors, 1 left on base; Cedar Rapids 3 - Delmarva 0 |
BOTTOM OF THE 4TH |
Delmarva Shorebirds batting - Pitching for Cedar Rapids Kernels : RHP Felix Perez
|
Batting: RHB Ethan Finke
|
0-0: Ball 1-0: Swinging Strike 1-1: Called Strike 1-2: Ball 2-2: Ball 3-2: Reached on error, E3 (Groundball, 34, EV 84.4 MPH)
|
Batting: RHB Ismael Macedo
|
0-0: Ball 1-0: Ball 2-0: Foul Ball, location: 2F 2-1: Foul Ball, location: 2F 2-2: SINGLE (Groundball, 6MS, EV 65.6 MPH) (infield hit) Ethan Finke to third
|
Batting: RHB Luke Vaccarino
|
0-0: Ball Ismael Macedo is caught stealing 2nd base 2-4 1-0: Swinging Strike 1-1: Called Strike 1-2: SINGLE (Groundball, 34D, EV 105.6 MPH) Ethan Finke scores
|
Batting: RHB Francisco Viera
|
0-0: Ball 1-0: Fielders Choice at 2nd, 5-4 (Groundball, 56S, EV 83.8 MPH)
|
Batting: RHB Wes Reynolds
|
0-0: Ball Francisco Viera steals 2nd base 1-0: Called Strike 1-1: Called Strike 1-2: Ball 2-2: Foul Ball, location: 2F 2-2: Strikes out looking
|
Bottom of the 4th over - 1 run, 2 hits, 1 error, 1 left on base; Cedar Rapids 3 - Delmarva 1 |
TOP OF THE 5TH |
Cedar Rapids Kernels batting - Pitching for Delmarva Shorebirds : RHP Ryan Kotter
|
Batting: RHB Caleb Bockmann
|
0-0: Ball 1-0: Called Strike 1-1: Ball 2-1: Foul Ball, location: 2F 2-2: Ball 3-2: Ground out 2-3 (Groundball, 15S, EV 66.9 MPH)
|
Batting: LHB Yasutoshi Hayashi
|
0-0: Ball 1-0: Foul Ball, location: 2F 1-1: DOUBLE (Groundball, 3L, EV 106.2 MPH)
|
Batting: RHB David McClellan
|
0-0: Foul Ball, location: 2F 0-1: SINGLE (Groundball, 5S, EV 68.8 MPH) (infield hit) Yasutoshi Hayashi to third
|
Batting: LHB Tomas Espino
|
0-0: Ball 1-0: Foul Ball, location: 2F 1-1: Foul Ball, location: 2F 1-2: SINGLE (Flyball, 56D, EV 98.1 MPH) Yasutoshi Hayashi scores David McClellan to second
|
Batting: LHB Jon Ventura
|
0-0: Ball 1-0: Foul Ball, location: 2F 1-1: Foul Ball, location: 2F 1-2: Ball 2-2: 3-RUN HOME RUN (Flyball, 89XD, EV 106.9 MPH), Distance : 389 ft
|
Pitching: LHP Andy Shearn
|
|
Batting: LHB Brian Wagner
|
0-0: Called Strike 0-1: Ball 1-1: Ball 2-1: Fly out, F6 (Popup, 6MS, EV 65.6 MPH)
|
Batting: LHB Marvin Shepherd
|
0-0: Called Strike 0-1: Foul Ball, location: 2F 0-2: Foul Ball, location: 2F 0-2: Ball 1-2: Ball 2-2: Fly out, F9 (Line Drive, 9LD, EV 96.9 MPH)
|
Top of the 5th over - 4 runs, 4 hits, 0 errors, 0 left on base; Cedar Rapids 7 - Delmarva 1 |
BOTTOM OF THE 5TH |
Delmarva Shorebirds batting - Pitching for Cedar Rapids Kernels : RHP Felix Perez
|
Batting: RHB Mike Zepeda
|
0-0: Ball 1-0: SINGLE (Flyball, 5D, EV 89.4 MPH)
|
Batting: RHB Tony Godley
|
0-0: Ball Mike Zepeda is caught stealing 2nd base 2-4 1-0: Fly out, F4 (Popup, 4D, EV 55.6 MPH)
|
Batting: RHB Josh Hopp
|
0-0: Called Strike 0-1: Ground out U3 (Groundball, 3, EV 105.6 MPH)
|
Bottom of the 5th over - 0 runs, 1 hit, 0 errors, 0 left on base; Cedar Rapids 7 - Delmarva 1 |
TOP OF THE 6TH |
Cedar Rapids Kernels batting - Pitching for Delmarva Shorebirds : LHP Andy Shearn
|
Batting: RHB Pat Adams
|
0-0: Fly out, F9 (Line Drive, 9LM, EV 103.8 MPH)
|
Batting: SHB Chris Hull
|
0-0: Foul Ball, location: 2F 0-1: Foul Ball, location: 2F 0-2: Strikes out swinging
|
Batting: RHB Caleb Bockmann
|
0-0: Foul Ball, location: 2F 0-1: Called Strike 0-2: Foul Ball, location: 2F 0-2: Ground out 6-3 (Groundball, 6, EV 86.2 MPH)
|
Top of the 6th over - 0 runs, 0 hits, 0 errors, 0 left on base; Cedar Rapids 7 - Delmarva 1 |
BOTTOM OF THE 6TH |
Delmarva Shorebirds batting - Pitching for Cedar Rapids Kernels : RHP Felix Perez
|
Batting: RHB Daniel Jackson
|
0-0: Foul Ball, location: 2F 0-1: Foul Ball, location: 2F 0-2: Ball 1-2: Strikes out swinging
|
Batting: RHB Ethan Finke
|
0-0: Ball 1-0: Foul Ball, location: 2F 1-1: Ground out 5-3 (Groundball, 56S, EV 85.6 MPH)
|
Batting: RHB Ismael Macedo
|
0-0: Called Strike 0-1: Ball 1-1: Ball 2-1: Ground out 5-3 (Groundball, 56S, EV 68.8 MPH)
|
Bottom of the 6th over - 0 runs, 0 hits, 0 errors, 0 left on base; Cedar Rapids 7 - Delmarva 1 |
TOP OF THE 7TH |
Cedar Rapids Kernels batting - Pitching for Delmarva Shorebirds : LHP Andy Shearn
|
Batting: LHB Yasutoshi Hayashi
|
0-0: Ball 1-0: Ball 2-0: Ball 3-0: Called Strike 3-1: Foul Ball, location: 2F 3-2: Strikes out swinging
|
Batting: RHB David McClellan
|
0-0: DOUBLE (Flyball, 8LD, EV 97.5 MPH)
|
Batting: LHB Tomas Espino
|
0-0: Ball 1-0: Foul Ball, location: 2F 1-1: Swinging Strike 1-2: Foul Ball, location: 2F 1-2: Strikes out swinging
|
Batting: LHB Jon Ventura
|
0-0: Ball 1-0: Ball 2-0: Ball 3-0: Called Strike 3-1: Base on Balls
|
Batting: LHB Brian Wagner
|
0-0: Ball 1-0: Foul Ball, location: 2F 1-1: Foul Ball, location: 2F 1-2: SINGLE (Groundball, 6D, EV 98.1 MPH) David McClellan to third Jon Ventura to second Runner from 3rd tries for Home, SAFE, throw by CF to home
|
Pitching: RHP Jose Santos
|
|
Batting: LHB Marvin Shepherd
|
0-0: Ball 1-0: Called Strike 1-1: Ground out 4-3 (Groundball, 4, EV 102.5 MPH)
|
Top of the 7th over - 1 run, 2 hits, 0 errors, 2 left on base; Cedar Rapids 8 - Delmarva 1 |
BOTTOM OF THE 7TH |
Delmarva Shorebirds batting - Pitching for Cedar Rapids Kernels : RHP Felix Perez
|
Pitching: RHP Cody Bryant
|
|
Batting: RHB Luke Vaccarino
|
0-0: Swinging Strike 0-1: Foul Ball, location: 2F 0-2: Strikes out looking
|
Batting: RHB Francisco Viera
|
0-0: Called Strike 0-1: Called Strike 0-2: Ball 1-2: Fly out, F7 (Line Drive, 7D, EV 91.2 MPH)
|
Batting: RHB Wes Reynolds
|
0-0: Ball 1-0: Ball 2-0: Ball 3-0: Called Strike 3-1: Foul Ball, location: 2F 3-2: Fly out, F9 (Line Drive, 9, EV 91.2 MPH)
|
Bottom of the 7th over - 0 runs, 0 hits, 0 errors, 0 left on base; Cedar Rapids 8 - Delmarva 1 |
TOP OF THE 8TH |
Cedar Rapids Kernels batting - Pitching for Delmarva Shorebirds : RHP Jose Santos
|
Batting: RHB Pat Adams
|
0-0: Ball 1-0: Ground out U3 (Groundball, 3, EV 105.0 MPH)
|
Batting: SHB Chris Hull
|
0-0: Foul Ball, location: 2F 0-1: Ball 1-1: Foul Ball, location: 2F 1-2: Ball 2-2: Strikes out swinging
|
Pinch Hitting: RHB Steve Raine
|
0-0: Called Strike 0-1: Foul Ball, location: 2F 0-2: Ball 1-2: Fly out, F9 (Line Drive, 89M, EV 96.2 MPH)
|
Top of the 8th over - 0 runs, 0 hits, 0 errors, 0 left on base; Cedar Rapids 8 - Delmarva 1 |
BOTTOM OF THE 8TH |
Delmarva Shorebirds batting - Pitching for Cedar Rapids Kernels : RHP Cody Bryant
|
Now at 3B: Steve Raine
|
|
Batting: RHB Mike Zepeda
|
0-0: Ball 1-0: Ball 2-0: Called Strike 2-1: Ball 3-1: Called Strike 3-2: SINGLE (Groundball, 56D, EV 94.4 MPH)
|
Batting: RHB Tony Godley
|
0-0: Ball 1-0: Called Strike 1-1: Fly out, F4 (Line Drive, 34, EV 71.9 MPH)
|
Batting: RHB Josh Hopp
|
0-0: Ball 1-0: Ball Passed Ball! Mike Zepeda to second 2-0: DOUBLE (Line Drive, 89XD, EV 101.9 MPH) Mike Zepeda scores
|
Batting: RHB Daniel Jackson
|
0-0: Ball 1-0: Ball 2-0: Swinging Strike Passed Ball! Josh Hopp to third 2-1: Ball 3-1: Foul Ball, location: 2F 3-2: Base on Balls
|
Pitching: LHP Mark Challinor
|
|
Batting: RHB Ethan Finke
|
0-0: Ball 1-0: Ball 2-0: Ball 3-0: Called Strike 3-1: Base on Balls Daniel Jackson to second
|
Batting: RHB Ismael Macedo
|
0-0: Foul Ball, location: 2F 0-1: Ball 1-1: Foul Ball, location: 2F 1-2: Foul Ball, location: 2F 1-2: Ball 2-2: Ball 3-2: TRIPLE (Line Drive, 89XD, EV 107.5 MPH) Josh Hopp scores Daniel Jackson scores Ethan Finke scores
|
Batting: RHB Luke Vaccarino
|
0-0: Called Strike 0-1: Ball 1-1: Swinging Strike 1-2: Foul Ball, location: 2F 1-2: Ball 2-2: Strikes out swinging
|
Batting: RHB Francisco Viera
|
0-0: Foul Ball, location: 2F 0-1: Foul Ball, location: 2F 0-2: Ball 1-2: Ball 2-2: Ball 3-2: Ground out 4-3 (Groundball, 4S, EV 87.5 MPH)
|
Bottom of the 8th over - 4 runs, 3 hits, 0 errors, 1 left on base; Cedar Rapids 8 - Delmarva 5 |
TOP OF THE 9TH |
Cedar Rapids Kernels batting - Pitching for Delmarva Shorebirds : RHP Jose Santos
|
Pitching: LHP Armando Florez
|
|
Batting: LHB Yasutoshi Hayashi
|
0-0: Ground out 6-3 (Groundball, 4M, EV 83.1 MPH)
|
Batting: RHB David McClellan
|
0-0: Foul Ball, location: 2F 0-1: Ball 1-1: Swinging Strike 1-2: Ball 2-2: Ball 3-2: Foul Ball, location: 2F 3-2: Strikes out swinging
|
Batting: LHB Tomas Espino
|
0-0: Ball 1-0: Swinging Strike 1-1: Ball 2-1: Ball 3-1: Fly out, F7 (Flyball, 7, EV 89.4 MPH)
|
Top of the 9th over - 0 runs, 0 hits, 0 errors, 0 left on base; Cedar Rapids 8 - Delmarva 5 |
BOTTOM OF THE 9TH |
Delmarva Shorebirds batting - Pitching for Cedar Rapids Kernels : LHP Mark Challinor
|
Batting: RHB Wes Reynolds
|
0-0: Called Strike 0-1: DOUBLE (Line Drive, 9LM, EV 101.2 MPH)
|
Batting: RHB Mike Zepeda
|
0-0: Foul Ball, location: 2F 0-1: Ball 1-1: Called Strike 1-2: Strikes out looking
|
Batting: RHB Tony Godley
|
0-0: Foul Ball, location: 2F 0-1: Ball 1-1: Ball 2-1: Called Strike 2-2: Ball 3-2: Foul Ball, location: 2F 3-2: Foul Ball, location: 2F 3-2: Ground out 6-3 (Groundball, 6, EV 98.8 MPH)
|
Batting: RHB Josh Hopp
|
0-0: Ball 1-0: Ball 2-0: Swinging Strike 2-1: Called Strike 2-2: Fly out, F7 (Flyball, 78M, EV 81.9 MPH)
|
Bottom of the 9th over - 0 runs, 1 hit, 0 errors, 1 left on base; Cedar Rapids 8 - Delmarva 5 |
|